 Dungeon Crawl Stone Soup version 0.31.0-32-g396128a36d (webtiles) character file.

Game seed: 11721974943786455907

18 Gatsu the Apothecary (level 2, 0/15 HPs)
             Began as a Deep Elf Alchemist on Apr 2, 2024.
             Succumbed to a kobold's poison
             ... on level 1 of the Dungeon.
             The game lasted 00:05:38 (918 turns).

Gatsu the Apothecary (Deep Elf Alchemist)            Turns: 918, Time: 00:05:38

Health: 0/15       AC:  2    Str:  5    XL:     2   Next: 51%
Magic:  8/8        EV: 12    Int: 19    God:
Gold:   20         SH:  0    Dex: 15    Spells: 6/7 levels left

rFire   . . .        i - staff of air
rCold   . . .        (no shield)
rNeg    . . .        a - +0 robe
rPois   .            (no helmet)
rElec   +            (no cloak)
rCorr   .            (no gloves)
SInv    .            (no boots)
Will    .....        (no amulet)
Stlth   ++           (no ring)
HPRegen 0.22/turn    (no ring)
MPRegen 0.11/turn

%: no passive effects
@: lethally poisoned (0 -> -11)
A: no striking features
a: no special abilities


You were on level 1 of the Dungeon.
You visited 1 branch of the dungeon, and saw 1 of its levels.

You collected 20 gold pieces.

Inventory:

Hand Weapons
 d - a +0 whip
 e - a +0 dagger
Missiles
 g - 6 poisoned darts
Armour
 a - a +0 robe (worn)
 c - a +0 ring mail
 j - a +0 chain mail
Magical Staves
 i - a staff of air (weapon)
Scrolls
 h - a scroll of blinking {unknown}
Potions
 b - a potion of magic
 f - a potion of cancellation {unknown}
 k - 2 potions of lignification {unknown}


   Skills:
 + Level 0.1 Fighting
 + Level 0.2 Short Blades
 + Level 0.0 Staves
 - Level 2.5 Dodging
 + Level 2.5 Stealth
 + Level 0.0 Shields
 + Level 3.3 Spellcasting
 - Level 1.2 Conjurations
 * Level 3.8 Alchemy


You had 6 spell levels left.
You knew the following spells:

 Your Spells              Type           Power      Damage    Failure   Level
a - Sting                 Conj/Alch      48%        1d6       5%          1

Your spell library contained the following spells:

 Spells                   Type           Power      Damage    Failure   Level
 Mercury Vapours          Alch/Air       30%        N/A       10%         2
 Mephitic Cloud           Conj/Alch/Air  14%        N/A       22%         3
 Olgreb's Toxic Radiance  Alch           17%        N/A       30%         4
 Sticky Flame             Fire/Alch      10%        2d5       54%         4


Dungeon Overview and Level Annotations

Branches:
Dungeon (1/15)

Altars:


Message History

You open the door.
There is an open door here.
There is a stone staircase leading down here.
You open the door.
A goblin comes into view. It is wielding a +0 dagger.
Found 9 gold pieces.
Found a stone staircase leading down.
There is an open door here.
Aiming: Sting (safe; 5% risk of failure)
Press: ? - help, Q - select action, (/) - cycle Shift-Dir - straight line, f - goblin
Aim: a goblin, wielding a +0 dagger (asleep, 100% to hit)
The sting hits the goblin.
The goblin is poisoned.
The goblin is moderately wounded.
The goblin shouts!
Aiming: Sting (safe; 5% risk of failure)
Press: ? - help, Q - select action, (/) - cycle Shift-Dir - straight line, f/p - goblin
Aim: a goblin, wielding a +0 dagger (severely wounded, poisoned, 64% to hit)
The sting hits the goblin.
The goblin looks even sicker.
You kill the goblin!
There is a stone staircase leading down here.
You now have 20 gold pieces (gained 9).
There is a stone staircase leading down here.
There is an open door here.
Sorry, you're not good enough to have a special ability.
Sorry, you're not good enough to have a special ability.
There is an open door here.
You are a level 2 Deep Elf Alchemist.
You are 51% of the way to level 3.
Play time: 00:05:36 (906 turns).
Zot will find you in 5095 turns if you stay in this branch and explore no new floors.
A kobold comes into view. It is wielding a +4 whip of venom.
The kobold shouts!
The kobold hits you with a +4 whip of venom!
You are lethally poisoned!
You hit the kobold.
The kobold is severely wounded.
* * * LOW HITPOINT WARNING * * *
You feel very sick. The kobold completely misses you. The kobold misses you.
You closely miss the kobold.
The kobold is severely wounded.
You die...

#.# #.# #.#
#.# #.# #.#
#.#
#.#########
#..@K......
###......##
#......#
#......#
#.......#
###.....#
.....#
######


You could see a kobold.

Vanquished Creatures
  2 ball pythons (D:1)
  2 endoplasms (D:1)
  A giant cockroach (D:1)
  A hobgoblin (D:1)
  3 kobolds (D:1)
  3 quokkas (D:1)
  A goblin (D:1)
  2 rats (D:1)
15 creatures vanquished.

Notes
Turn   | Place    | Note
-------+----------+-------------------------------------------
     0 | D:1      | Gatsu the Deep Elf Alchemist began the quest for the Orb.
     0 | D:1      | Reached XP level 1. HP: 10/10 MP: 6/6
    85 | D:1      | Reached XP level 2. HP: 14/15 MP: 1/8
   918 | D:1      | Succumbed to a kobold's poison

Illustrated notes

Levels and vault maps discovered:
D:1:      erik_arrival_triangle_medium, layout_basic

Action                     || total
---------------------------++-------
  Melee: Whip              ||     3
         Dagger            ||     8
         Staff             ||     2
   Cast: Sting             ||    21
 Armour: Robe              ||     7
  Dodge: Dodged            ||    17
